Selects Airborne Battlegroup
Selects Heavy Machine Gun Paradrop
Selects Smoke Bombing Run
Heavy Machine Gun Paradrop
Construct Weapon Support Center
Heavy Machine Gun Paradrop
Mechanized Support Center
Selects Paratrooper Squad Paradrop
M3 Armored Personnel Carrier
Paratrooper Squad Paradrop
Paratrooper Squad Paradrop
Designate Forward Repair Station
Heavy Machine Gun Paradrop
Selects Carpet Bombing Run
Designate Forward Repair Station
Improved M9 Bazooka Rockets
Selects Anti-tank Gun Team Paradrop
M4A1(76) Sherman Medium Tank
M18 Hellcat Tank Destroyer
Anti-tank Gun Team Paradrop
M18 Hellcat Tank Destroyer
Anti-tank Gun Team Paradrop
Heavy Machine Gun Paradrop
Paratrooper Squad Paradrop
Paratrooper Squad Paradrop
M18 Hellcat Tank Destroyer
Heavy Machine Gun Paradrop
Heavy Machine Gun Paradrop
Anti-tank Gun Team Paradrop
Paratrooper Squad Paradrop
Anti-tank Gun Team Paradrop
Paratrooper Squad Paradrop
Paratrooper Squad Paradrop
Heavy Machine Gun Paradrop